Flyers vs Senateurs
Created - November 23, 2018 at 07:22
Goals
|
| Flyers |
2 |
2 |
3 |
7 |
| Senateurs |
1 |
1 |
2 |
4 |
|
Shots
|
| Flyers |
15 |
8 |
13 |
36 |
| Senateurs |
8 |
15 |
11 |
34 |
|
1st period
1. Flyers , Jeff Carter 9 (Jakub Voracek 16, Oliver Ekman-Larsson 3) at 9:19 (PP)
2. Senateurs , Karl Alzner 1 (Colby Armstrong 5, Daniel Briere 13) at 17:43 (PP)
3. Flyers , Kyle Wellwood 4 (Mats Zuccarello 7, J.T. Miller 4) at 19:37 (PP)
Penalties :
Marian Hossa (Ott) for Roughing (Minor) at 8:28, Dan Hamhuis (Ott) for Hooking (Minor) at 9:43, Jakub Voracek (Phi) for Slashing (Minor) at 17:19, Marian Hossa (Ott) for High sticking (Minor) at 18:00
2nd period
4. Flyers , Mats Zuccarello 3 (J.T. Miller 5, Jonathan Ericsson 4) at 5:37 (PP)
5. Flyers , Jakub Voracek 7 (Jeff Carter 15) at 18:26
6. Senateurs , Sergei Kostitsyn 2 (Dan Hamhuis 8, Karl Alzner 6) at 19:56
Penalties :
Brenden Morrow (Ott) for Holding (Minor) at 5:27, Dan Hamhuis (Ott) for Roughing (Minor) at 8:18, Jeff Woywitka (Phi) for Delaying the game (Minor) at 10:32
3rd period
7. Flyers , Jakub Voracek 8 (Jonathan Ericsson 5, Drew Miller 10) at 3:41 (PP)
8. Flyers , J.T. Miller 10 (Kyle Wellwood 15, Mats Zuccarello 8) at 7:02 (PP)
9. Senateurs , Cody Franson 2 (Daniel Briere 14, Brenden Morrow 6) at 7:57
10. Flyers , Nathan Beaulieu 2 (Oliver Ekman-Larsson 4, Matthew Lombardi 1) at 9:56 (SH)
11. Senateurs , Carlo Colaiacovo 1 (Brenden Morrow 7, Daniel Briere 15) at 12:33
Penalties :
Dan Hamhuis (Ott) for Hooking (Minor) at 3:03, Colby Armstrong (Ott) for Tripping (Minor) at 5:25, Matt Smaby (Phi) for Hooking (Minor) at 9:13
Goalie Stats
Steve Mason (Phi), 30 saves from 34 shots - (0.882), W, 7-3-1, 60:00 minutes
Jeff Deslauriers (Ott), 19 saves from 24 shots - (0.792), L, 0-1-0, 43:41 minutes
Ondrej Pavelec (Ott), 10 saves from 12 shots - (0.833), 16:19 minutes
Players Stats for Flyers
Player Name G A P +/- PIM S H SB GA TA FO MP PP MP PK MP
------------------------------------------------------------------------------------
Brian Lashoff 0 0 0 -1 0 1 0 0 0 0 0/0 14:32 0:00 0:00
Brian McGrattan 0 0 0 -1 0 1 0 1 0 0 0/0 5:21 0:00 0:00
Chris Mcallister 0 0 0 0 0 0 0 0 0 0 0/0 7:48 0:00 2:18
Dany Heatley 0 0 0 -1 0 1 1 0 1 0 0/0 10:35 0:00 0:00
Drew Miller 0 1 1 0 0 6 3 0 1 0 0/2 22:49 3:57 0:00
J.T. Miller 1 2 3 0 0 1 0 1 0 1 0/0 18:48 4:54 2:04
Jakub Voracek 2 1 3 0 2 2 3 2 0 0 0/0 22:48 3:57 0:00
Jaromir Jagr 0 0 0 -1 0 1 0 0 0 0 0/0 10:35 0:00 0:00
Jeff Carter 1 1 2 0 0 4 3 1 0 0 17/34 22:49 3:57 0:00
Jeff Woywitka 0 0 0 0 2 2 1 1 0 0 0/0 22:03 3:52 1:38
Jonathan Ericsson 0 2 2 -1 0 3 1 0 0 0 0/0 20:40 3:52 1:53
Kyle Wellwood 1 1 2 0 0 4 0 0 0 0 15/22 18:48 4:54 2:04
Marcus Kruger 0 0 0 -1 0 1 2 0 0 1 5/6 10:35 0:00 0:00
Mats Zuccarello 1 2 3 0 0 3 3 0 0 0 0/1 16:43 4:54 0:00
Matt Smaby 0 0 0 -1 2 1 3 0 0 1 0/0 21:42 4:59 1:12
Matthew Lombardi 0 1 1 0 0 0 1 0 0 0 1/2 7:48 0:00 2:18
Nathan Beaulieu 1 0 1 1 0 2 1 0 0 0 0/0 15:09 0:00 0:51
Oliver Ekman-Larsson 0 2 2 0 0 3 0 4 0 0 0/0 26:02 4:59 3:10
Players Stats for Senateurs
Player Name G A P +/- PIM S H SB GA TA FO MP PP MP PK MP
------------------------------------------------------------------------------------
Brandon Dubinsky 0 0 0 0 0 2 0 0 0 0 2/3 8:26 0:00 1:28
Brenden Morrow 0 2 2 2 2 3 0 0 0 0 0/0 15:38 1:45 0:45
Brooks Orpik 0 0 0 0 0 0 0 2 0 0 0/0 12:35 0:00 2:36
Carlo Colaiacovo 1 0 1 1 0 2 3 0 0 0 0/0 20:06 1:43 3:00
Chris Kunitz 0 0 0 0 0 2 0 0 0 0 1/1 6:43 0:00 0:00
Cody Franson 1 0 1 1 0 2 1 0 1 0 0/0 20:07 1:43 3:00
Cody Hodgson 0 0 0 1 0 1 0 0 0 0 1/7 9:41 0:00 0:00
Colby Armstrong 0 1 1 -1 2 3 1 0 0 1 0/0 18:29 1:45 0:00
Dan Hamhuis 0 1 1 0 6 2 1 9 0 0 0/0 27:51 2:39 3:15
Daniel Briere 0 3 3 2 0 4 0 1 1 0 7/16 17:08 1:45 2:29
Evgeni Malkin 0 0 0 -2 0 1 1 0 0 0 15/37 25:28 2:37 5:37
Karl Alzner 1 1 2 0 0 3 2 4 0 1 0/0 29:55 2:39 5:51
Marc-André Bernier 0 0 0 0 0 0 1 0 0 0 0/0 6:43 0:00 0:00
Marian Hossa 0 0 0 1 4 1 1 0 0 0 2/2 17:16 2:37 1:46
Radim Vrbata 0 0 0 1 0 1 3 0 0 0 0/0 9:41 0:00 0:00
Sergei Kostitsyn 1 0 1 1 0 5 0 0 0 0 0/0 9:41 0:00 0:00
Thomas Vanek 0 0 0 -2 0 1 5 0 1 0 1/1 25:28 2:37 5:37
Vladimir Mihalik 0 0 0 0 0 1 0 2 0 0 0/0 10:06 0:00 0:00
3 Stars
1 - Jakub Voracek (Phi)
2 - Mats Zuccarello (Phi)
3 - J.T. Miller (Phi)
Power Play
Flyers - 5 on 7 Attempt(s) - 71.43%
Senateurs - 1 on 3 Attempt(s) - 33.33%
Penalty Kill
Flyers - 2 on 3 Attempt(s) - 66.67%
- Score 1 goal in Penalty Kill
Senateurs - 2 on 7 Attempt(s) - 28.57%
- Score 0 goal in Penalty Kill
Team Stat
Flyers - Hits : 22 - Faceoff Wins : 38 - Blocked Shots : 10 - Penalty Minutes : 6
Senateurs - Hits : 19 - Faceoff Wins : 29 - Blocked Shots : 18 - Penalty Minutes : 14
Official
Referees : Unknown
Linesman : Unknown
Game Notes
Ondrej Pavelec enters game at 3:41 of 3rd period
Finance
Level 1 -- Attendance: 5779 (96.32%) -- Ticket Income $479,657
Level 2 -- Attendance: 5000 (100.00%) -- Ticket Income $265,000
Level 3 -- Attendance: 1807 (90.35%) -- Ticket Income $59,631
Level 4 -- Attendance: 3737 (93.43%) -- Ticket Income $85,951
Luxury Box -- Attendance: 905 (90.50%) -- Ticket Income $140,275
Game was played at the Place Banque Scotia.
Total Attendance: 17228 (95.71%)
Total Ticket Income: $1,030,514
Other Income: $154,577
Total Income: $1,185,091
Flyers
5 vs 5 Forward
Center Left Wing Right Wing Time % Phy DF OF
1 Jeff Carter Drew Miller Jakub Voracek 40 0 1 4
2 Kyle Wellwood J.T. Miller Mats Zuccarello 30 0 1 4
3 Marcus Kruger Dany Heatley Jaromir Jagr 20 0 1 4
4 Matthew Lombardi Chris Mcallister Brian McGrattan 10 0 4 1
5 vs 5 Defense
Defense Defense Time % Phy DF OF
1 Oliver Ekman-Larsson Matt Smaby 30 1 3 1
2 Jeff Woywitka Nathan Beaulieu 30 1 3 1
3 Brian Lashoff Jonathan Ericsson 30 1 3 1
4 Oliver Ekman-Larsson Jeff Woywitka 10 1 3 1
PowerPlay Forward
Center Left Wing Right Wing Time % Phy DF OF
1 Jeff Carter Drew Miller Jakub Voracek 50 0 1 4
2 Kyle Wellwood J.T. Miller Mats Zuccarello 50 0 1 4
PowerPlay Defense
Defense Defense Time % Phy DF OF
1 Oliver Ekman-Larsson Matt Smaby 50 0 2 3
2 Jonathan Ericsson Jeff Woywitka 50 0 2 3
Penalty Kill 4 Players Forward
Center Wing Time % Phy DF OF
1 Matthew Lombardi Chris Mcallister 50 0 4 1
2 Kyle Wellwood J.T. Miller 50 0 4 1
Penalty Kill 4 Players Defense
Defense Defense Time % Phy DF OF
1 Oliver Ekman-Larsson Matt Smaby 50 1 4 0
2 Jeff Woywitka Jonathan Ericsson 50 1 4 0
Penalty Kill - 3 Players Forward
Forward Time % Phy DF OF
1 Matthew Lombardi 50 0 4 1
2 Kyle Wellwood 50 0 4 1
Penalty Kill - 3 Players Defense
Defense Defense Time % Phy DF OF
1 Oliver Ekman-Larsson Matt Smaby 50 1 4 0
2 Jeff Woywitka Jonathan Ericsson 50 1 4 0
4 vs 4 Forward
Center Wing Time % Phy DF OF
1 Jeff Carter Jakub Voracek 50 0 2 3
2 Kyle Wellwood J.T. Miller 50 0 2 3
4 vs 4 Defense
Defense Defense Time % Phy DF OF
1 Oliver Ekman-Larsson Matt Smaby 50 1 3 1
2 Jeff Woywitka Jonathan Ericsson 50 1 3 1
Last Minutes Offensive
Center Left Wing Right Wing Defense Defense
Jeff Carter Drew Miller Jakub Voracek Oliver Ekman-Larsson Jeff Woywitka
Last Minutes Defensive
Center Left Wing Right Wing Defense Defense
Matthew Lombardi Chris Mcallister Brian McGrattan Oliver Ekman-Larsson Jeff Woywitka
Goaltenders
Starting : Steve Mason
Backup : Cory Schneider
Extra Forwards
Normal : Jeff Carter, Kyle Wellwood, Drew Miller - PP : Jeff Carter, Kyle Wellwood - PK : Chris Mcallister
Extra Defensemen
Normal : Oliver Ekman-Larsson, Jeff Woywitka, Jonathan Ericsson - PP : Oliver Ekman-Larsson - PK : Oliver Ekman-Larsson, Jeff Woywitka
Penalty Shots
Jeff Carter, Dany Heatley, Kyle Wellwood, Jaromir Jagr, J.T. Miller
Scratches
None
Senateurs
5 vs 5 Forward
Center Left Wing Right Wing Time % Phy DF OF
1 Evgeni Malkin Thomas Vanek Colby Armstrong 40 1 2 2
2 Daniel Briere Brenden Morrow Marian Hossa 30 1 2 2
3 Cody Hodgson Sergei Kostitsyn Radim Vrbata 20 1 2 2
4 Brandon Dubinsky Chris Kunitz Marc-André Bernier 10 1 2 2
5 vs 5 Defense
Defense Defense Time % Phy DF OF
1 Dan Hamhuis Karl Alzner 40 1 2 2
2 Cody Franson Carlo Colaiacovo 30 1 2 2
3 Vladimir Mihalik Brooks Orpik 20 1 2 2
4 Dan Hamhuis Karl Alzner 10 1 2 2
PowerPlay Forward
Center Left Wing Right Wing Time % Phy DF OF
1 Evgeni Malkin Thomas Vanek Marian Hossa 60 1 2 2
2 Daniel Briere Brenden Morrow Colby Armstrong 40 1 2 2
PowerPlay Defense
Defense Defense Time % Phy DF OF
1 Dan Hamhuis Karl Alzner 60 1 2 2
2 Cody Franson Carlo Colaiacovo 40 1 2 2
Penalty Kill 4 Players Forward
Center Wing Time % Phy DF OF
1 Evgeni Malkin Thomas Vanek 60 1 2 2
2 Daniel Briere Marian Hossa 40 1 2 2
Penalty Kill 4 Players Defense
Defense Defense Time % Phy DF OF
1 Dan Hamhuis Karl Alzner 60 1 2 2
2 Cody Franson Carlo Colaiacovo 40 1 2 2
Penalty Kill - 3 Players Forward
Forward Time % Phy DF OF
1 Evgeni Malkin 60 1 2 2
2 Thomas Vanek 40 1 2 2
Penalty Kill - 3 Players Defense
Defense Defense Time % Phy DF OF
1 Dan Hamhuis Karl Alzner 60 1 2 2
2 Cody Franson Carlo Colaiacovo 40 1 2 2
4 vs 4 Forward
Center Wing Time % Phy DF OF
1 Evgeni Malkin Thomas Vanek 60 1 2 2
2 Daniel Briere Marian Hossa 40 1 2 2
4 vs 4 Defense
Defense Defense Time % Phy DF OF
1 Dan Hamhuis Karl Alzner 60 1 2 2
2 Cody Franson Carlo Colaiacovo 40 1 2 2
Last Minutes Offensive
Center Left Wing Right Wing Defense Defense
Evgeni Malkin Thomas Vanek Marian Hossa Dan Hamhuis Karl Alzner
Last Minutes Defensive
Center Left Wing Right Wing Defense Defense
Evgeni Malkin Thomas Vanek Marian Hossa Dan Hamhuis Karl Alzner
Goaltenders
Starting : Jeff Deslauriers
Backup : Ondrej Pavelec
Extra Forwards
Normal : Cody Hodgson, Radim Vrbata, Brandon Dubinsky - PP : Cody Hodgson, Radim Vrbata - PK : Brandon Dubinsky
Extra Defensemen
Normal : Vladimir Mihalik, Brooks Orpik, Cody Franson - PP : Vladimir Mihalik - PK : Brooks Orpik, Cody Franson
Penalty Shots
Evgeni Malkin, Thomas Vanek, Daniel Briere, Marian Hossa, Brenden Morrow
Scratches
None
% Time on Ice - Flyers
Lines # - Real PCT - Wanted PCT - Time Play
Normal Forward
1 - 41% - 40% - 19:01
2 - 25% - 30% - 11:50
3 - 23% - 20% - 10:35
4 - 11% - 10% - 5:21
Normal Defense
1 - 33% - 30% - 15:23
2 - 31% - 30% - 14:22
3 - 31% - 30% - 14:32
4 - 5% - 10% - 2:30
PP Forward
1 - 45% - 50% - 3:57
2 - 55% - 50% - 4:54
PP Defense
1 - 56% - 50% - 4:59
2 - 44% - 50% - 3:52
PK Forward
1 - 53% - 50% - 2:18
2 - 47% - 50% - 2:04
PK Defense
1 - 57% - 50% - 2:29
2 - 43% - 50% - 1:53
PK3 Forward
1 - 0% - 50%
2 - 0% - 50%
PK3 Defense
1 - 0% - 50%
2 - 0% - 50%
44 Forward
1 - 0% - 50%
2 - 0% - 50%
44 Defense
1 - 0% - 50%
2 - 0% - 50%
Last Minute Offensive - 0:00
Last Minute Defensive - 0:00
Total
Forward - 60:00
Defense - 60:00
|
% Time on Ice - Senateurs
Lines # - Real PCT - Wanted PCT - Time Play
Normal Forward
1 - 37% - 40% - 17:29
2 - 28% - 30% - 12:54
3 - 21% - 20% - 9:41
4 - 14% - 10% - 6:43
Normal Defense
1 - 41% - 40% - 19:01
2 - 32% - 30% - 14:48
3 - 22% - 20% - 10:06
4 - 6% - 10% - 2:52
PP Forward
1 - 60% - 60% - 2:37
2 - 40% - 40% - 1:45
PP Defense
1 - 61% - 60% - 2:39
2 - 39% - 40% - 1:43
PK Forward
1 - 72% - 60% - 6:22
2 - 28% - 40% - 2:29
PK Defense
1 - 70% - 60% - 6:10
2 - 30% - 40% - 2:41
PK3 Forward
1 - 0% - 60%
2 - 0% - 40%
PK3 Defense
1 - 0% - 60%
2 - 0% - 40%
44 Forward
1 - 0% - 60%
2 - 0% - 40%
44 Defense
1 - 0% - 60%
2 - 0% - 40%
Last Minute Offensive - 0:00
Last Minute Defensive - 0:00
Total
Forward - 60:00
Defense - 60:00
|
Play by Play
1st period
0:01 of 1st period - Evgeni Malkin wins face-off versus Jeff Carter in neutral zone.
0:04 of 1st period - Wrist shot by Colby Armstrong.
0:04 of 1st period - Shot Blocked by Oliver Ekman-Larsson.
0:36 of 1st period - Snap shot by Thomas Vanek.
0:36 of 1st period - Shot Misses the Net.
1:37 of 1st period - Snap shot by Cody Hodgson.
1:37 of 1st period - Deflect By Sergei Kostitsyn.
1:37 of 1st period - Shot Misses the Net.
1:37 of 1st period - Puck is out of play.
1:38 of 1st period - Jeff Carter wins face-off versus Cody Hodgson in Flyers zone.
2:28 of 1st period - Snap shot by Sergei Kostitsyn.
2:28 of 1st period - Shot Misses the Net.
2:30 of 1st period - Slapshot by Radim Vrbata.
2:30 of 1st period - Stopped by Steve Mason with a rebound.
2:32 of 1st period - Slapshot by Brooks Orpik.
2:32 of 1st period - Shot Misses the Net.
2:34 of 1st period - Slapshot by Vladimir Mihalik.
2:34 of 1st period - Deflect By Sergei Kostitsyn.
2:34 of 1st period - Stopped by Steve Mason with a rebound.
2:38 of 1st period - Wrist shot by Cody Hodgson.
2:38 of 1st period - Shot Misses the Net.
3:10 of 1st period - Karl Alzner is hit by Jeff Woywitka and loses puck.
5:12 of 1st period - Snap shot by Mats Zuccarello.
5:12 of 1st period - Shot Blocked by Daniel Briere.
5:31 of 1st period - Snap shot by Brian McGrattan.
5:31 of 1st period - Stopped by Jeff Deslauriers without a rebound.
5:32 of 1st period - Jeff Carter wins face-off versus Evgeni Malkin in Senateurs zone.
6:30 of 1st period - Backhand shot by Vladimir Mihalik.
6:30 of 1st period - Shot Misses the Net.
6:32 of 1st period - Slapshot by Vladimir Mihalik.
6:32 of 1st period - Stopped by Steve Mason with a rebound.
6:46 of 1st period - Thomas Vanek is hit by Jeff Carter and loses puck.
6:51 of 1st period - Wrist shot by Jakub Voracek.
6:51 of 1st period - Shot Misses the Net.
7:29 of 1st period - Wrist shot by Cody Hodgson.
7:29 of 1st period - Shot Blocked by J.T. Miller.
7:31 of 1st period - Wrist shot by Karl Alzner.
7:31 of 1st period - Stopped by Steve Mason with a rebound.
8:15 of 1st period - Nathan Beaulieu is hit by Thomas Vanek and loses puck.
8:26 of 1st period - Wrist shot by Dany Heatley.
8:26 of 1st period - Shot Blocked by Dan Hamhuis.
8:28 of 1st period - Minor Penalty to Marian Hossa for Roughing.
8:29 of 1st period - Thomas Vanek wins face-off versus Jeff Carter in Senateurs zone.
8:29 of 1st period - Thomas Vanek is hit by Jakub Voracek.
8:43 of 1st period - Slapshot by Thomas Vanek.
8:43 of 1st period - Deflect By Evgeni Malkin.
8:43 of 1st period - Shot Misses the Net.
8:43 of 1st period - Puck is out of play.
8:44 of 1st period - Kyle Wellwood wins face-off versus Evgeni Malkin in Flyers zone.
9:19 of 1st period - Slapshot by Jeff Carter.
9:19 of 1st period - Goal by Jeff Carter - Flyers : 1 - Senateurs : 0.
9:20 of 1st period - Jeff Carter wins face-off versus Evgeni Malkin in neutral zone.
9:43 of 1st period - Minor Penalty to Dan Hamhuis for Hooking.
9:44 of 1st period - Kyle Wellwood wins face-off versus Evgeni Malkin in Senateurs zone.
9:45 of 1st period - Snap shot by Mats Zuccarello.
9:45 of 1st period - Stopped by Jeff Deslauriers with a rebound.
9:47 of 1st period - Slapshot by Jeff Woywitka.
9:47 of 1st period - Shot Misses the Net.
9:49 of 1st period - Slapshot by Jonathan Ericsson.
9:49 of 1st period - Stopped by Jeff Deslauriers with a rebound.
9:51 of 1st period - Slapshot by Jeff Woywitka.
9:51 of 1st period - Shot Blocked by Karl Alzner.
9:53 of 1st period - Slapshot by Jonathan Ericsson.
9:53 of 1st period - Stopped by Jeff Deslauriers with a rebound.
9:55 of 1st period - Wrist shot by J.T. Miller.
9:55 of 1st period - Shot Misses the Net.
10:11 of 1st period - Karl Alzner is hit by Jeff Carter and loses puck.
11:00 of 1st period - Carlo Colaiacovo is hit by Mats Zuccarello and loses puck.
11:41 of 1st period - Jeff Carter is hit by Cody Franson and loses puck.
11:43 of 1st period - Penalty to Dan Hamhuis is over, Dan Hamhuis is back on ice.
11:48 of 1st period - Wrist shot by Dan Hamhuis.
11:48 of 1st period - Shot Misses the Net.
11:50 of 1st period - Slapshot by Thomas Vanek.
11:50 of 1st period - Shot Blocked by Jakub Voracek.
11:52 of 1st period - Wrist shot by Evgeni Malkin.
11:52 of 1st period - Shot Misses the Net.
12:10 of 1st period - Snap shot by Evgeni Malkin.
12:10 of 1st period - Deflect By Dan Hamhuis.
12:10 of 1st period - Stopped by Steve Mason without a rebound.
12:11 of 1st period - Marcus Kruger wins face-off versus Daniel Briere in Flyers zone.
12:43 of 1st period - Backhand shot by Jeff Woywitka.
12:43 of 1st period - Stopped by Jeff Deslauriers without a rebound.
12:44 of 1st period - Chris Kunitz wins face-off versus Kyle Wellwood in Senateurs zone.
13:36 of 1st period - Slapshot by Jeff Woywitka.
13:36 of 1st period - Stopped by Jeff Deslauriers without a rebound.
13:37 of 1st period - Marcus Kruger wins face-off versus Daniel Briere in Senateurs zone.
14:00 of 1st period - Icing by Dany Heatley.
14:01 of 1st period - Evgeni Malkin wins face-off versus Drew Miller in Flyers zone.
14:26 of 1st period - Brian Lashoff is hit by Radim Vrbata and loses puck.
14:35 of 1st period - Snap shot by Kyle Wellwood.
14:35 of 1st period - Stopped by Jeff Deslauriers with a rebound.
14:37 of 1st period - Slapshot by Kyle Wellwood.
14:37 of 1st period - Shot Misses the Net.
15:47 of 1st period - Icing by Karl Alzner.
15:48 of 1st period - Brandon Dubinsky wins face-off versus Kyle Wellwood in Senateurs zone.
16:15 of 1st period - Karl Alzner is hit by Marcus Kruger and loses puck.
16:46 of 1st period - Snap shot by Jaromir Jagr.
16:46 of 1st period - Shot Blocked by Vladimir Mihalik.
16:52 of 1st period - Wrist shot by Thomas Vanek.
16:52 of 1st period - Stopped by Steve Mason without a rebound.
16:53 of 1st period - Daniel Briere wins face-off versus Jeff Carter in Flyers zone.
16:54 of 1st period - Slapshot by Marian Hossa.
16:54 of 1st period - Shot Misses the Net.
17:19 of 1st period - Minor Penalty to Jakub Voracek for Slashing.
17:20 of 1st period - Evgeni Malkin wins face-off versus Matthew Lombardi in Flyers zone.
17:41 of 1st period - Snap shot by Colby Armstrong.
17:41 of 1st period - Stopped by Steve Mason with a rebound.
17:43 of 1st period - Slapshot by Karl Alzner.
17:43 of 1st period - Deflect By Matthew Lombardi.
17:43 of 1st period - Goal by Karl Alzner - Flyers : 1 - Senateurs : 1.
17:44 of 1st period - Jeff Carter wins face-off versus Daniel Briere in neutral zone.
17:47 of 1st period - Slapshot by Oliver Ekman-Larsson.
17:47 of 1st period - Stopped by Jeff Deslauriers with a rebound.
17:49 of 1st period - Slapshot by Matt Smaby.
17:49 of 1st period - Shot Blocked by Dan Hamhuis.
17:51 of 1st period - Snap shot by Matt Smaby.
17:51 of 1st period - Stopped by Jeff Deslauriers without a rebound.
17:52 of 1st period - Daniel Briere wins face-off versus Jeff Carter in Senateurs zone.
18:00 of 1st period - Minor Penalty to Marian Hossa for High sticking.
18:01 of 1st period - Evgeni Malkin wins face-off versus Kyle Wellwood in Senateurs zone.
18:01 of 1st period - Evgeni Malkin is hit by Mats Zuccarello.
18:28 of 1st period - Daniel Briere is hit by Jakub Voracek and loses puck.
18:47 of 1st period - Evgeni Malkin is hit by Drew Miller and loses puck.
19:06 of 1st period - Cody Franson is hit by Jeff Carter and loses puck.
19:15 of 1st period - Snap shot by Jeff Carter.
19:15 of 1st period - Stopped by Jeff Deslauriers without a rebound.
19:16 of 1st period - Kyle Wellwood wins face-off versus Evgeni Malkin in Senateurs zone.
19:23 of 1st period - Snap shot by Mats Zuccarello.
19:23 of 1st period - Shot Misses the Net.
19:25 of 1st period - Snap shot by Mats Zuccarello.
19:25 of 1st period - Stopped by Jeff Deslauriers with a rebound.
19:27 of 1st period - Slapshot by Jonathan Ericsson.
19:27 of 1st period - Shot Blocked by Karl Alzner.
19:29 of 1st period - Slapshot by Jonathan Ericsson.
19:29 of 1st period - Deflect By Kyle Wellwood.
19:29 of 1st period - Shot Misses the Net.
19:29 of 1st period - Puck is out of play.
19:30 of 1st period - Kyle Wellwood wins face-off versus Evgeni Malkin in Senateurs zone.
19:31 of 1st period - Snap shot by J.T. Miller.
19:31 of 1st period - Shot Misses the Net.
19:33 of 1st period - Slapshot by Kyle Wellwood.
19:33 of 1st period - Stopped by Jeff Deslauriers with a rebound.
19:37 of 1st period - Slapshot by Kyle Wellwood.
19:37 of 1st period - Goal by Kyle Wellwood - Flyers : 2 - Senateurs : 1.
19:38 of 1st period - Jeff Carter wins face-off versus Evgeni Malkin in neutral zone.
19:54 of 1st period - Slapshot by Oliver Ekman-Larsson.
19:54 of 1st period - Stopped by Jeff Deslauriers with a rebound.
Goals for this period are 2 for Flyers vs 1 for Senateurs.
Shots for this period are 15 for Flyers vs 8 for Senateurs.
2nd period
0:01 of 2nd period - Daniel Briere wins face-off versus Jeff Carter in neutral zone.
0:04 of 2nd period - Slapshot by Dan Hamhuis.
0:04 of 2nd period - Stopped by Steve Mason with a rebound.
0:52 of 2nd period - Slapshot by Brian McGrattan.
0:52 of 2nd period - Shot Misses the Net.
0:54 of 2nd period - Snap shot by Jonathan Ericsson.
0:54 of 2nd period - Shot Blocked by Dan Hamhuis.
0:56 of 2nd period - Wrist shot by Brian McGrattan.
0:56 of 2nd period - Deflect By Matthew Lombardi.
0:56 of 2nd period - Shot Misses the Net.
0:56 of 2nd period - Puck is out of play.
0:57 of 2nd period - Daniel Briere wins face-off versus Jeff Carter in Senateurs zone.
1:12 of 2nd period - Snap shot by Jonathan Ericsson.
1:12 of 2nd period - Shot Misses the Net.
1:50 of 2nd period - Slapshot by Drew Miller.
1:50 of 2nd period - Stopped by Jeff Deslauriers without a rebound.
1:51 of 2nd period - Evgeni Malkin wins face-off versus Kyle Wellwood in Senateurs zone.
2:45 of 2nd period - Slapshot by Sergei Kostitsyn.
2:45 of 2nd period - Stopped by Steve Mason without a rebound.
2:46 of 2nd period - Kyle Wellwood wins face-off versus Evgeni Malkin in Flyers zone.
2:46 of 2nd period - Kyle Wellwood is hit by Thomas Vanek.
3:21 of 2nd period - Slapshot by Karl Alzner.
3:21 of 2nd period - Stopped by Steve Mason with a rebound.
3:23 of 2nd period - Slapshot by Brenden Morrow.
3:23 of 2nd period - Stopped by Steve Mason without a rebound.
3:24 of 2nd period - Kyle Wellwood wins face-off versus Cody Hodgson in Flyers zone.
3:35 of 2nd period - Cody Franson is hit by Matt Smaby and loses puck.
3:50 of 2nd period - Cody Franson is hit by Drew Miller and loses puck.
4:09 of 2nd period - Snap shot by Drew Miller.
4:09 of 2nd period - Stopped by Jeff Deslauriers with a rebound.
4:11 of 2nd period - Slapshot by Oliver Ekman-Larsson.
4:11 of 2nd period - Stopped by Jeff Deslauriers without a rebound.
4:12 of 2nd period - Marcus Kruger wins face-off versus Daniel Briere in Senateurs zone.
4:39 of 2nd period - Dan Hamhuis is hit by Jakub Voracek and loses puck.
4:48 of 2nd period - Wrist shot by Colby Armstrong.
4:48 of 2nd period - Stopped by Steve Mason without a rebound.
4:49 of 2nd period - Kyle Wellwood wins face-off versus Cody Hodgson in Flyers zone.
4:49 of 2nd period - Kyle Wellwood is hit by Carlo Colaiacovo.
5:19 of 2nd period - Backhand shot by Jeff Carter.
5:19 of 2nd period - Stopped by Jeff Deslauriers with a rebound.
5:24 of 2nd period - Off-side.
5:25 of 2nd period - Jeff Carter wins face-off versus Daniel Briere in neutral zone.
5:27 of 2nd period - Minor Penalty to Brenden Morrow for Holding.
5:28 of 2nd period - Evgeni Malkin wins face-off versus Kyle Wellwood in Senateurs zone.
5:37 of 2nd period - Snap shot by Mats Zuccarello.
5:37 of 2nd period - Goal by Mats Zuccarello - Flyers : 3 - Senateurs : 1.
5:38 of 2nd period - Evgeni Malkin wins face-off versus Jeff Carter in neutral zone.
5:41 of 2nd period - Jakub Voracek is hit by Karl Alzner and loses puck.
6:05 of 2nd period - Off-side.
6:06 of 2nd period - Kyle Wellwood wins face-off versus Daniel Briere in neutral zone.
6:08 of 2nd period - Off-side.
6:09 of 2nd period - Evgeni Malkin wins face-off versus Mats Zuccarello in neutral zone.
6:14 of 2nd period - Snap shot by Colby Armstrong.
6:14 of 2nd period - Stopped by Steve Mason without a rebound.
6:15 of 2nd period - Evgeni Malkin wins face-off versus Jeff Carter in Flyers zone.
6:20 of 2nd period - Wrist shot by Evgeni Malkin.
6:20 of 2nd period - Deflect By Jeff Carter.
6:20 of 2nd period - Shot Misses the Net.
6:20 of 2nd period - Puck is out of play.
6:21 of 2nd period - Jeff Carter wins face-off versus Evgeni Malkin in Flyers zone.
6:38 of 2nd period - Snap shot by Drew Miller.
6:38 of 2nd period - Stopped by Jeff Deslauriers without a rebound.
6:39 of 2nd period - Kyle Wellwood wins face-off versus Daniel Briere in Senateurs zone.
7:06 of 2nd period - Evgeni Malkin is hit by Jonathan Ericsson and loses puck.
7:13 of 2nd period - Jonathan Ericsson is hit by Carlo Colaiacovo and loses puck.
7:54 of 2nd period - Snap shot by Sergei Kostitsyn.
7:54 of 2nd period - Stopped by Steve Mason without a rebound.
7:55 of 2nd period - Kyle Wellwood wins face-off versus Cody Hodgson in Flyers zone.
8:18 of 2nd period - Minor Penalty to Dan Hamhuis for Roughing.
8:19 of 2nd period - Kyle Wellwood wins face-off versus Evgeni Malkin in Senateurs zone.
9:20 of 2nd period - Oliver Ekman-Larsson is hit by Carlo Colaiacovo and loses puck.
10:18 of 2nd period - Penalty to Dan Hamhuis is over, Dan Hamhuis is back on ice.
10:25 of 2nd period - Karl Alzner is hit by Matthew Lombardi.
10:32 of 2nd period - Minor Penalty to Jeff Woywitka for Delaying the game.
10:33 of 2nd period - Matthew Lombardi wins face-off versus Evgeni Malkin in Flyers zone.
10:43 of 2nd period - Wrist shot by Thomas Vanek.
10:43 of 2nd period - Shot Misses the Net.
11:05 of 2nd period - Slapshot by Carlo Colaiacovo.
11:05 of 2nd period - Stopped by Steve Mason without a rebound.
11:06 of 2nd period - Kyle Wellwood wins face-off versus Evgeni Malkin in Flyers zone.
11:06 of 2nd period - Kyle Wellwood is hit by Thomas Vanek.
11:55 of 2nd period - Jonathan Ericsson is hit by Evgeni Malkin and loses puck.
12:22 of 2nd period - Dan Hamhuis is hit by Matt Smaby and loses puck.
12:32 of 2nd period - Penalty to Jeff Woywitka is over, Jeff Woywitka is back on ice.
13:04 of 2nd period - Nathan Beaulieu is hit by Marc-André Bernier.
14:24 of 2nd period - Brian McGrattan is hit by Colby Armstrong and loses puck.
14:46 of 2nd period - Snap shot by Evgeni Malkin.
14:46 of 2nd period - Stopped by Steve Mason without a rebound.
14:47 of 2nd period - Marian Hossa wins face-off versus Jeff Carter in Flyers zone.
14:50 of 2nd period - Snap shot by Daniel Briere.
14:50 of 2nd period - Stopped by Steve Mason with a rebound.
14:52 of 2nd period - Wrist shot by Marian Hossa.
14:52 of 2nd period - Stopped by Steve Mason with a rebound.
14:54 of 2nd period - Snap shot by Marian Hossa.
14:54 of 2nd period - Deflect By Brenden Morrow.
14:54 of 2nd period - Stopped by Steve Mason without a rebound.
14:55 of 2nd period - Daniel Briere wins face-off versus Jeff Carter in Flyers zone.
14:58 of 2nd period - Wrist shot by Daniel Briere.
14:58 of 2nd period - Stopped by Steve Mason with a rebound.
15:27 of 2nd period - Wrist shot by Cody Hodgson.
15:27 of 2nd period - Shot Blocked by Jeff Carter.
16:08 of 2nd period - Brenden Morrow is hit by Matt Smaby.
16:49 of 2nd period - Snap shot by Jeff Carter.
16:49 of 2nd period - Stopped by Jeff Deslauriers without a rebound.
16:50 of 2nd period - Jeff Carter wins face-off versus Brandon Dubinsky in Senateurs zone.
16:53 of 2nd period - Snap shot by Drew Miller.
16:53 of 2nd period - Deflect By Karl Alzner.
16:53 of 2nd period - Shot Misses the Net.
16:53 of 2nd period - Puck is out of play.
16:54 of 2nd period - Jeff Carter wins face-off versus Evgeni Malkin in Senateurs zone.
17:48 of 2nd period - Wrist shot by Sergei Kostitsyn.
17:48 of 2nd period - Stopped by Steve Mason with a rebound.
18:26 of 2nd period - Slapshot by Jakub Voracek.
18:26 of 2nd period - Goal by Jakub Voracek - Flyers : 4 - Senateurs : 1.
18:27 of 2nd period - Evgeni Malkin wins face-off versus Jeff Carter in neutral zone.
18:32 of 2nd period - Slapshot by Thomas Vanek.
18:32 of 2nd period - Shot Misses the Net.
19:03 of 2nd period - J.T. Miller is hit by Marian Hossa.
19:21 of 2nd period - Karl Alzner is hit by Dany Heatley and loses puck.
19:26 of 2nd period - Slapshot by Dany Heatley.
19:26 of 2nd period - Shot Blocked by Dan Hamhuis.
19:36 of 2nd period - Snap shot by Drew Miller.
19:36 of 2nd period - Shot Misses the Net.
19:46 of 2nd period - Wrist shot by Cody Hodgson.
19:46 of 2nd period - Shot Misses the Net.
19:48 of 2nd period - Snap shot by Radim Vrbata.
19:48 of 2nd period - Shot Blocked by Jakub Voracek.
19:50 of 2nd period - Slapshot by Sergei Kostitsyn.
19:50 of 2nd period - Shot Misses the Net.
19:52 of 2nd period - Wrist shot by Karl Alzner.
19:52 of 2nd period - Shot Misses the Net.
19:54 of 2nd period - Slapshot by Dan Hamhuis.
19:54 of 2nd period - Shot Misses the Net.
19:56 of 2nd period - Wrist shot by Sergei Kostitsyn.
19:56 of 2nd period - Goal by Sergei Kostitsyn - Flyers : 4 - Senateurs : 2.
19:57 of 2nd period - Jeff Carter wins face-off versus Evgeni Malkin in neutral zone.
Goals for this period are 2 for Flyers vs 1 for Senateurs.
Shots for this period are 8 for Flyers vs 15 for Senateurs.
3rd period
0:01 of 3rd period - Evgeni Malkin wins face-off versus Jeff Carter in neutral zone.
0:10 of 3rd period - Wrist shot by Evgeni Malkin.
0:10 of 3rd period - Shot Blocked by Oliver Ekman-Larsson.
0:12 of 3rd period - Snap shot by Evgeni Malkin.
0:12 of 3rd period - Shot Blocked by Oliver Ekman-Larsson.
0:57 of 3rd period - Snap shot by Cody Hodgson.
0:57 of 3rd period - Stopped by Steve Mason without a rebound.
0:58 of 3rd period - Jeff Carter wins face-off versus Evgeni Malkin in Flyers zone.
0:58 of 3rd period - Jeff Carter is hit by Thomas Vanek.
1:06 of 3rd period - Snap shot by Jakub Voracek.
1:06 of 3rd period - Shot Misses the Net.
1:08 of 3rd period - Slapshot by Nathan Beaulieu.
1:08 of 3rd period - Shot Blocked by Brooks Orpik.
1:14 of 3rd period - Wrist shot by Drew Miller.
1:14 of 3rd period - Shot Blocked by Vladimir Mihalik.
1:24 of 3rd period - Brooks Orpik is hit by Mats Zuccarello and loses puck.
1:50 of 3rd period - Off-side.
1:51 of 3rd period - Jeff Carter wins face-off versus Cody Hodgson in neutral zone.
2:32 of 3rd period - Matt Smaby is hit by Karl Alzner and loses puck.
3:03 of 3rd period - Minor Penalty to Dan Hamhuis for Hooking.
3:04 of 3rd period - Kyle Wellwood wins face-off versus Evgeni Malkin in Senateurs zone.
3:37 of 3rd period - Wrist shot by Drew Miller.
3:37 of 3rd period - Shot Misses the Net.
3:39 of 3rd period - Snap shot by Jonathan Ericsson.
3:39 of 3rd period - Shot Blocked by Karl Alzner.
3:41 of 3rd period - Wrist shot by Jakub Voracek.
3:41 of 3rd period - Goal by Jakub Voracek - Flyers : 5 - Senateurs : 2.
3:41 of 3rd period - Ondrej Pavelec enters game.
3:42 of 3rd period - Jeff Carter wins face-off versus Evgeni Malkin in neutral zone.
4:08 of 3rd period - J.T. Miller is hit by Dan Hamhuis and loses puck.
4:21 of 3rd period - Snap shot by Marian Hossa.
4:21 of 3rd period - Shot Misses the Net.
4:37 of 3rd period - Wrist shot by Brandon Dubinsky.
4:37 of 3rd period - Stopped by Steve Mason without a rebound.
4:38 of 3rd period - Brandon Dubinsky wins face-off versus Jeff Carter in Flyers zone.
4:41 of 3rd period - Snap shot by Chris Kunitz.
4:41 of 3rd period - Stopped by Steve Mason with a rebound.
4:47 of 3rd period - Slapshot by Drew Miller.
4:47 of 3rd period - Shot Misses the Net.
4:49 of 3rd period - Snap shot by Jeff Carter.
4:49 of 3rd period - Shot Blocked by Brooks Orpik.
5:04 of 3rd period - Off-side.
5:05 of 3rd period - Marcus Kruger wins face-off versus Evgeni Malkin in neutral zone.
5:25 of 3rd period - Minor Penalty to Colby Armstrong for Tripping.
5:26 of 3rd period - Evgeni Malkin wins face-off versus Jeff Carter in Senateurs zone.
6:26 of 3rd period - Snap shot by Kyle Wellwood.
6:26 of 3rd period - Stopped by Ondrej Pavelec with a rebound.
6:50 of 3rd period - Slapshot by Mats Zuccarello.
6:50 of 3rd period - Shot Misses the Net.
7:02 of 3rd period - Snap shot by J.T. Miller.
7:02 of 3rd period - Goal by J.T. Miller - Flyers : 6 - Senateurs : 2.
7:03 of 3rd period - Jeff Carter wins face-off versus Daniel Briere in neutral zone.
7:08 of 3rd period - Slapshot by Drew Miller.
7:08 of 3rd period - Stopped by Ondrej Pavelec without a rebound.
7:09 of 3rd period - Jeff Carter wins face-off versus Daniel Briere in Senateurs zone.
7:45 of 3rd period - Snap shot by Daniel Briere.
7:45 of 3rd period - Stopped by Steve Mason with a rebound.
7:49 of 3rd period - Snap shot by Daniel Briere.
7:49 of 3rd period - Shot Blocked by Brian McGrattan.
7:57 of 3rd period - Snap shot by Cody Franson.
7:57 of 3rd period - Goal by Cody Franson - Flyers : 6 - Senateurs : 3.
7:58 of 3rd period - Jeff Carter wins face-off versus Evgeni Malkin in neutral zone.
8:04 of 3rd period - Snap shot by Jeff Carter.
8:04 of 3rd period - Shot Misses the Net.
8:06 of 3rd period - Slapshot by Jonathan Ericsson.
8:06 of 3rd period - Shot Misses the Net.
8:08 of 3rd period - Snap shot by Drew Miller.
8:08 of 3rd period - Shot Blocked by Dan Hamhuis.
8:10 of 3rd period - Slapshot by Jakub Voracek.
8:10 of 3rd period - Deflect By Drew Miller.
8:10 of 3rd period - Shot Blocked by Dan Hamhuis.
8:10 of 3rd period - Puck is out of play.
8:11 of 3rd period - Evgeni Malkin wins face-off versus Jeff Carter in Senateurs zone.
8:58 of 3rd period - Sergei Kostitsyn is hit by Marcus Kruger and loses puck.
9:13 of 3rd period - Minor Penalty to Matt Smaby for Hooking.
9:14 of 3rd period - Marian Hossa wins face-off versus Kyle Wellwood in Flyers zone.
9:54 of 3rd period - Backhand shot by Oliver Ekman-Larsson.
9:54 of 3rd period - Shot Blocked by Dan Hamhuis.
9:56 of 3rd period - Slapshot by Nathan Beaulieu.
9:56 of 3rd period - Goal by Nathan Beaulieu - Flyers : 7 - Senateurs : 3.
9:57 of 3rd period - Daniel Briere wins face-off versus Kyle Wellwood in neutral zone.
11:13 of 3rd period - Penalty to Matt Smaby is over, Matt Smaby is back on ice.
11:29 of 3rd period - Slapshot by Drew Miller.
11:29 of 3rd period - Shot Misses the Net.
11:31 of 3rd period - Snap shot by Nathan Beaulieu.
11:31 of 3rd period - Stopped by Ondrej Pavelec without a rebound.
11:32 of 3rd period - Cody Hodgson wins face-off versus Drew Miller in Senateurs zone.
11:32 of 3rd period - Cody Hodgson is hit by Drew Miller.
11:46 of 3rd period - Snap shot by Drew Miller.
11:46 of 3rd period - Shot Misses the Net.
11:48 of 3rd period - Wrist shot by Drew Miller.
11:48 of 3rd period - Stopped by Ondrej Pavelec with a rebound.
11:54 of 3rd period - Jeff Carter is hit by Radim Vrbata and loses puck.
12:31 of 3rd period - Wrist shot by Brenden Morrow.
12:31 of 3rd period - Stopped by Steve Mason with a rebound.
12:33 of 3rd period - Slapshot by Carlo Colaiacovo.
12:33 of 3rd period - Goal by Carlo Colaiacovo - Flyers : 7 - Senateurs : 4.
12:34 of 3rd period - Jeff Carter wins face-off versus Evgeni Malkin in neutral zone.
13:26 of 3rd period - Slapshot by Cody Franson.
13:26 of 3rd period - Stopped by Steve Mason without a rebound.
13:27 of 3rd period - Evgeni Malkin wins face-off versus Marcus Kruger in Flyers zone.
13:42 of 3rd period - Slapshot by Jonathan Ericsson.
13:42 of 3rd period - Stopped by Ondrej Pavelec without a rebound.
13:43 of 3rd period - Daniel Briere wins face-off versus Jeff Carter in Senateurs zone.
13:48 of 3rd period - Snap shot by Daniel Briere.
13:48 of 3rd period - Shot Misses the Net.
14:10 of 3rd period - Wrist shot by Marcus Kruger.
14:10 of 3rd period - Shot Blocked by Karl Alzner.
14:12 of 3rd period - Wrist shot by Nathan Beaulieu.
14:12 of 3rd period - Deflect By Dany Heatley.
14:12 of 3rd period - Stopped by Ondrej Pavelec with a rebound.
14:14 of 3rd period - Slapshot by Jeff Woywitka.
14:14 of 3rd period - Shot Blocked by Dan Hamhuis.
14:16 of 3rd period - Snap shot by Jaromir Jagr.
14:16 of 3rd period - Shot Blocked by Dan Hamhuis.
14:18 of 3rd period - Wrist shot by Jaromir Jagr.
14:18 of 3rd period - Stopped by Ondrej Pavelec with a rebound.
15:17 of 3rd period - Snap shot by Daniel Briere.
15:17 of 3rd period - Stopped by Steve Mason with a rebound.
15:35 of 3rd period - Wrist shot by Drew Miller.
15:35 of 3rd period - Stopped by Ondrej Pavelec without a rebound.
15:36 of 3rd period - Kyle Wellwood wins face-off versus Evgeni Malkin in Senateurs zone.
16:47 of 3rd period - Brandon Dubinsky is hit by Nathan Beaulieu and loses puck.
16:56 of 3rd period - Slapshot by Brandon Dubinsky.
16:56 of 3rd period - Shot Blocked by Jeff Woywitka.
17:20 of 3rd period - Slapshot by Chris Kunitz.
17:20 of 3rd period - Stopped by Steve Mason with a rebound.
17:22 of 3rd period - Snap shot by Chris Kunitz.
17:22 of 3rd period - Shot Misses the Net.
17:24 of 3rd period - Snap shot by Brandon Dubinsky.
17:24 of 3rd period - Stopped by Steve Mason without a rebound.
17:25 of 3rd period - Kyle Wellwood wins face-off versus Evgeni Malkin in Flyers zone.
17:25 of 3rd period - Kyle Wellwood is hit by Thomas Vanek.
17:51 of 3rd period - Jaromir Jagr is hit by Radim Vrbata and loses puck.
17:59 of 3rd period - Icing by Brian Lashoff.
18:00 of 3rd period - Marcus Kruger wins face-off versus Cody Hodgson in Flyers zone.
18:11 of 3rd period - Snap shot by Marcus Kruger.
18:11 of 3rd period - Stopped by Ondrej Pavelec with a rebound.
18:29 of 3rd period - Slapshot by Brian Lashoff.
18:29 of 3rd period - Stopped by Ondrej Pavelec without a rebound.
18:30 of 3rd period - Evgeni Malkin wins face-off versus Jeff Carter in Senateurs zone.
18:56 of 3rd period - Slapshot by Drew Miller.
18:56 of 3rd period - Shot Misses the Net.
19:30 of 3rd period - Slapshot by Colby Armstrong.
19:30 of 3rd period - Shot Blocked by Oliver Ekman-Larsson.
Goals for this period are 3 for Flyers vs 2 for Senateurs.
Shots for this period are 13 for Flyers vs 11 for Senateurs.
Back to the Top